 Dungeon Crawl Stone Soup version 0.24.0-37-gcf1ca852f1 (webtiles) character file.

Game seed: 14979441212242355578, levelgen mode: deterministic

68476 Iamsoldier the Protected (level 15, -10/117 HPs)
             Began as a Gnoll Skald on Nov 22, 2019.
             Was a High Priest of Ashenzari.
             Mangled by a death yak (16 damage)
             ... on level 6 of the Lair of Beasts.
             The game lasted 01:42:11 (23568 turns).

Iamsoldier the Protected (Gnoll Skald)             Turns: 23568, Time: 01:42:11

Health: -10/117    AC: 15    Str: 14    XL:     15   Next: 26%
Magic:  24/29      EV: 27    Int: 20    God:    Ashenzari [*****.]
Gold:   2066       SH:  0    Dex: 16    Spells: 7/35 levels left

rFire    . . .     SeeInvis +   a - +7 glaive (venom) (curse)
rCold    . . .     Gourm    .   (shield currently unavailable)
rNeg     . . .     Faith    .   R - +2 troll leather armour
rPois    +         Spirit   .   l - +0 helmet (curse)
rElec    .         Reflect  .   F - +2 cloak {MR+} (curse)
rCorr    .         Harm     .   (no gloves)
MR       ++...     Clarity  +   Q - +1 pair of boots {Stlth+} (curse)
Stlth    ++++++....             T - amulet of regeneration (curse)
HPRegen  1.09/turn              k - ring of poison resistance
MPRegen  0.21/turn              y - +6 ring of evasion (curse)

@: studying 2 skills
A: distributed training, fangs 1, strong nose
a: Curse Item, Scrying, Renounce Religion


You were on level 6 of the Lair of Beasts.
You worshipped Ashenzari.
Ashenzari was extremely pleased with you.
You were not hungry.

You visited 3 branches of the dungeon, and saw 18 of its levels.
You also visited: Bailey and Gauntlet.

You collected 2220 gold pieces.
You spent 154 gold pieces at shops.

Inventory:

Hand Weapons
 a - a cursed +7 glaive of venom (weapon)
 z - a +4 halberd
 N - the +10 whip of the Traitor {slash, rPois rN++ Str-2}
   (You took it off a minotaur in a Gauntlet)

   It inflicts extra damage upon your enemies.
   It affects your strength (-2).
   It protects you from poison.
   It greatly protects you from negative energy.
Missiles
 v - 3 silver boomerangs (quivered)
Armour
 l - a cursed +0 helmet (worn)
 A - a +1 ring mail of poison resistance
 B - a +0 pair of boots
 F - a cursed +2 cloak of magic resistance (worn)
 Q - a cursed +1 pair of boots of stealth (worn)
 R - a +2 troll leather armour (worn)
Jewellery
 b - the ring of Omoegip {*Corrode +Fly MR+++ Int+5}
   (You took it off a minotaur in a Gauntlet)

   [ring of flight]

   It affects your intelligence (+5).
   It affects your resistance to hostile enchantments.
   It lets you fly.
   It may corrode you when you take damage.
 e - an uncursed amulet of the gourmand
 f - a +3 ring of dexterity
 k - a ring of poison resistance (left hand)
 m - an uncursed ring of see invisible
 p - an uncursed ring of stealth
 r - an uncursed ring of fire
 y - a cursed +6 ring of evasion (right hand)
 J - a +3 amulet of reflection
 M - an uncursed ring of ice
 T - a cursed amulet of regeneration (around neck)
 Z - an uncursed ring of positive energy
Wands
 i - a wand of paralysis (15)
 t - a wand of clouds (2)
 O - a wand of enslavement (10)
 P - a wand of random effects (45)
Scrolls
 c - 6 scrolls of fog
 g - 4 scrolls of identify
 h - 2 scrolls of magic mapping
 j - a scroll of silence
 o - 6 scrolls of teleportation
 s - 4 scrolls of amnesia
 u - 2 scrolls of enchant armour
 I - a scroll of immolation
 K - a scroll of enchant weapon
 V - 2 scrolls of torment
 X - 4 scrolls of remove curse
Potions
 n - a potion of berserk rage
 q - a potion of magic
 D - 4 potions of lignification
 G - 2 potions of resistance
 L - a potion of cancellation
 U - 2 potions of curing
 W - 2 potions of brilliance
 Y - 3 potions of haste
Books
 E - a manual of
Armour
 H - a manual of Shields
Miscellaneous
 S - a phantom mirror
Comestibles
 d - 41 rations
 x - 6 chunks of flesh


   Skills:
 + Level 10.7 Fighting
 + Level 9.7 Short Blades
 + Level 9.7 Long Blades
 + Level 9.7 Axes
 + Level 9.7 Maces & Flails
 + Level 10.7(15.6) Polearms
 + Level 9.7 Staves
 + Level 9.7 Slings
 + Level 9.7 Bows
 + Level 9.7 Crossbows
 + Level 9.7 Throwing
 + Level 12.2 Armour
 + Level 10.7(13.1) Dodging
 + Level 9.7(12.2) Stealth
 + Level 11.9 Shields
 + Level 9.7 Unarmed Combat
 + Level 10.9 Spellcasting
 + Level 8.2(10.8) Conjurations
 + Level 8.2(10.8) Hexes
 + Level 9.9(12.3) Charms
 + Level 8.2(10.8) Summonings
 + Level 8.2(10.8) Necromancy
 + Level 8.2(10.8) Translocations
 + Level 8.2(10.8) Transmutations
 + Level 8.2(10.8) Fire Magic
 + Level 8.2(10.8) Ice Magic
 + Level 8.2(10.8) Air Magic
 + Level 8.2(10.8) Earth Magic
 + Level 8.2(10.8) Poison Magic
 + Level 10.6 Invocations
 + Level 9.7(12.2) Evocations


You had 7 spell levels left.
You knew the following spells:

 Your Spells              Type           Power        Failure   Level  Hunger
a - Infusion              Chrm           ####         1%          1    None
b - Shroud of Golubria    Chrm/Tloc      ######       1%          2    None
c - Spectral Weapon       Hex/Chrm       ######..     1%          3    None
d - Regeneration          Chrm/Necr      ######....   1%          3    None
e - Song of Slaying       Chrm           ######..     1%          2    None
f - Fireball              Conj/Fire      ######....   2%          5    ####...
g - Conjure Flame         Conj/Fire      ######..     1%          3    None
h - Statue Form           Tmut/Erth      ######...    13%         6    ######.
G - Mephitic Cloud        Conj/Pois/Air  ######..     1%          3    None

Your spell library contained the following spells:

 Spells                   Type           Power        Failure   Level  Hunger
 Animate Skeleton         Necr           N/A          1%          1    None
 Apportation              Tloc           ######       1%          1    None
 Beastly Appendage        Tmut           ######       1%          1    None
 Confusing Touch          Hex            ######       1%          1    None
 Magic Dart               Conj           ####         1%          1    None
 Shock                    Conj/Air       ####         1%          1    None
 Summon Small Mammal      Summ           ####         1%          1    None
 Blink                    Tloc           N/A          1%          2    None
 Call Imp                 Summ           ######..     1%          2    None
 Slow                     Hex            ######..     1%          2    None
 Throw Flame              Conj/Fire      ######       1%          2    None
 Throw Frost              Conj/Ice       ######       1%          2    None
 Ignite Poison            Fire/Tmut/Pois ######..     1%          3    None
 Iskenderun's Mystic Bla  Conj           ######..     1%          4    ##.....
 Sticky Flame             Conj/Fire      ######..     1%          4    ##.....
 Yara's Violent Unravell  Hex/Tmut       ######....   2%          5    ####...
 Deflect Missiles         Chrm/Air       ######....   10%         6    ######.
 Orb of Destruction       Conj           ######....   58%         7    #######
 Spellforged Servitor     Conj/Summ      ######....   58%         7    #######


Dungeon Overview and Level Annotations

Branches:
Dungeon (11/15)            Temple (1/1) D:5            Lair (6/6) D:8
 Shoals (0/4) Lair:3       Spider (0/4) Lair:3        Slime (0/5) Lair:5
    Orc (0/2) D:11         Bailey (visited)         Gauntlet (visited)

Altars:
Ashenzari
Cheibriados
Dithmenos
Elyvilon
Fedhas
Gozag
Hepliaklqana
Kikubaaqudgha
Makhleb
Nemelex Xobeh
Okawaru
Qazlal
Ru
Sif Muna
Trog
Uskayaw
Vehumet
Wu Jian
Xom
Yredelemnul
Zin
The Shining One
Jiyva

Shops:
D:5 [   D:6 (   D:9 }   D:11 !

Annotations:
D:7 2 transporters, Mesmaeker13's ghost, novice DrSu


Innate Abilities, Weirdness & Mutations

Your experience applies equally to all skills.
You have very sharp teeth.
Your uncanny sense of smell can sniff out nearby items.


Message History

Press: ? - help, v - describe, . - travel
Here: a death yak The floor.
Casting: Spectral Weapon (safe; 1% risk of failure)
Confirm with . or Enter, or press ? or * to list all spells.
Aiming: Mephitic Cloud (safe; 1% risk of failure)
Press: ? - help, Shift-Dir - straight line, f - death yak
Aim: a death yak The ball explodes into a vile cloud!
The stinking cloud engulfs the death yak but does no damage. x2
The stinking cloud engulfs you but does no damage.
The stinking cloud engulfs the death yak but does no damage.
The death yak is severely wounded.
The stinking cloud engulfs the fungus but does no damage.
The fungus is moderately damaged.
The death yak is engulfed in noxious fumes.
The death yak appears confused.
The death yak misses you.
The death yak is engulfed in noxious fumes.
The death yak gores you!
You die...

,
#######(...#..#.#...#
** #....#.##.......
#.....##.###....
#####..#..# *##...
##.##....### ,#.#..
#..#....#......#.#.
#........#..#..#..#
#...#...#.##.# .##
##@P##..###.####
#YY###.....# ,,
#○Y###...#., , #...#
.P##*. * ##..#, ## **
#..#* ...., *,*
*#.... , * * #..... *


You could see 3 death yaks.

Vanquished Creatures
  2 entropy weavers
  A minotaur (Gauntlet)
  2 dire elephants
  A death ooze (Gauntlet)
  8 hydras
  A catoblepas (Lair:6)
  An alligator (Lair:5)
  A queen ant (Lair:6)
  6 death yaks
  Sonja (Lair:2)
  A death drake (shapeshifter) (Gauntlet)
  A swamp dragon (Lair:5)
  Pikel (D:5)
  2 lindwurms (Lair:6)
  A wolf spider (Lair:6)
  An orc knight (Bailey)
  2 cyclopes
  3 ugly things (D:11)
  2 manticores (Lair:6)
  A centaur zombie (D:11)
  A black mamba (shapeshifter) (Gauntlet)
  18 elephants
  The ghost of grouchysmurf the Spear-Bearer, a novice MfBe of Trog (D:4)
  8 black mambas
  2 merfolk sirens (Lair:3)
  9 spiny frogs
  A torpor snail (Lair:6)
  A minotaur zombie (Gauntlet)
  A gargoyle (D:11)
  3 komodo dragons (Lair:1)
  5 rime drakes
  9 polar bears (Lair:6)
  A wolf spider simulacrum (Gauntlet)
  2 merfolk (Lair:3)
  3 raiju (Lair:6)
  2 dream sheep (Lair:6)
  9 blink frogs
  7 hippogriffs
  2 slime creatures (Lair:5)
  2 redbacks (Lair:3)
  A spriggan (Lair:2)
  Sigmund (D:4)
  A vampire (D:9)
  A wyvern (shapeshifter) (Gauntlet)
  3 hogs (D:7)
  A human (D:7)
  32 yaks
  3 basilisks
  2 swamp worms (Lair:5)
  4 wargs (Lair:6)
  Edmund (D:4)
  Menkaure (D:5)
  14 hell hounds (Lair:6)
  11 porcupines
  8 soldier ants (Lair:6)
  15 water moccasins
  4 slaves (D:5)
  4 sky beasts
  10 orc warriors
  A swamp drake (Lair:5)
  4 phantoms
  An ice beast (D:7)
  13 black bears
  4 ogres
  17 wolves
  4 centaurs
  10 crocodiles
  5 big kobolds
  Blork the orc (D:4)
  11 bullfrogs
  2 gnoll sergeants
  A hornet simulacrum (Gauntlet)
  4 killer bees (D:7)
  8 wights
  8 howler monkeys
  4 crimson imps
  A bullfrog zombie (D:6)
  A quasit (D:11)
  6 hounds
  11 orc priests
  2 jellies
  9 orc wizards
  Crazy Yiuf (D:7)
  3 centaur skeletons
  4 iguanas
  20 worker ants
  A bullfrog simulacrum (D:4)
  3 centaur simulacra (Gauntlet)
  A hound zombie (D:6)
  4 hound skeletons
  A worker ant zombie (D:6)
  4 gnolls (D:6)
  20 adders
  A hound simulacrum (D:4)
  2 shadow imps
  2 white imps (D:4)
  A worker ant simulacrum (D:4)
  An adder zombie (D:10)
  An ooze (D:1)
  2 dart slugs
  An adder simulacrum (D:4)
  A leopard gecko (D:6)
  60 orcs
  9 giant cockroaches
  5 goblins
  8 hobgoblins
  11 jackals
  18 kobolds
  5 quokkas
  5 bats
  3 frilled lizards
  A giant cockroach simulacrum (D:4)
  A leopard gecko skeleton (D:5)
  6 rats
  A bush (Lair:3)
  2 butterflies (Lair:4)
  A fungus (Lair:2)
  3 spectral weapons
584 creatures vanquished.

Vanquished Creatures (collateral kills)
  A hydra (Lair:5)
  A blink frog (Lair:3)
  A sky beast (D:10)
3 creatures vanquished.

Vanquished Creatures (others)
  A golden eye (shapeshifter) (Gauntlet)
  2 swamp worms (Lair:5)
  A necrophage (D:10)
  A jelly (D:5)
  An orc wizard (D:5)
  A bush (Lair:6)
  17 fungi
  27 plants
  28 spectral weapons
79 creatures vanquished.

Grand Total: 666 creatures vanquished

Notes
Turn   | Place    | Note
-------+----------+-------------------------------------------
     0 | D:1      | Iamsoldier the Gnoll Skald began the quest for the Orb.
     0 | D:1      | Reached XP level 1. HP: 20/20 MP: 6/6
   259 | D:1      | Reached XP level 2. HP: 23/26 MP: 7/7
   270 | D:1      | Learned a level 2 spell: Shroud of Golubria
   935 | D:2      | Reached skill level 5 in Spellcasting
   935 | D:2      | Reached XP level 3. HP: 30/31 MP: 0/9
   940 | D:2      | Learned a level 3 spell: Spectral Weapon
   944 | D:2      | Learned a level 3 spell: Regeneration
  1168 | D:2      | Reached skill level 1 in Invocations
  1190 | D:2      | Reached skill level 1 in Short Blades
  1190 | D:2      | Reached skill level 1 in Long Blades
  1190 | D:2      | Reached skill level 1 in Axes
  1190 | D:2      | Reached skill level 1 in Maces & Flails
  1190 | D:2      | Reached skill level 1 in Staves
  1190 | D:2      | Reached skill level 1 in Slings
  1190 | D:2      | Reached skill level 1 in Bows
  1190 | D:2      | Reached skill level 1 in Crossbows
  1190 | D:2      | Reached skill level 1 in Throwing
  1190 | D:2      | Reached skill level 1 in Stealth
  1190 | D:2      | Reached skill level 1 in Shields
  1190 | D:2      | Reached skill level 1 in Unarmed Combat
  1190 | D:2      | Reached skill level 1 in Evocations
  1222 | D:2      | Reached XP level 4. HP: 38/38 MP: 8/11
  2077 | D:3      | Reached skill level 1 in Conjurations
  2077 | D:3      | Reached skill level 1 in Hexes
  2077 | D:3      | Reached skill level 1 in Summonings
  2077 | D:3      | Reached skill level 1 in Necromancy
  2077 | D:3      | Reached skill level 1 in Translocations
  2077 | D:3      | Reached skill level 1 in Transmutations
  2077 | D:3      | Reached skill level 1 in Fire Magic
  2077 | D:3      | Reached skill level 1 in Ice Magic
  2077 | D:3      | Reached skill level 1 in Air Magic
  2077 | D:3      | Reached skill level 1 in Earth Magic
  2077 | D:3      | Reached skill level 1 in Poison Magic
  2175 | D:3      | Noticed an ogre
  2205 | D:3      | Killed an ogre
  2205 | D:3      | Reached skill level 3 in Armour
  2205 | D:3      | Reached XP level 5. HP: 16/43 MP: 1/12
  2576 | D:3      | Reached XP level 6. HP: 45/50 MP: 8/13
  3120 | D:3      | Reached skill level 5 in Fighting
  3120 | D:3      | Reached skill level 5 in Polearms
  3120 | D:3      | Reached skill level 5 in Dodging
  3659 | D:3      | Noticed a hippogriff
  3677 | D:3      | Killed a hippogriff
  3677 | D:3      | Reached XP level 7. HP: 24/56 MP: 0/15
  4205 | D:4      | Noticed Sigmund
  4205 | D:4      | Noticed Blork the orc
  4218 | D:4      | Killed Sigmund
  4574 | D:4      | Killed Blork the orc
  4878 | D:4      | Noticed Edmund
  4887 | D:4      | Killed Edmund
  4887 | D:4      | Reached XP level 8. HP: 61/63 MP: 6/16
  4891 | D:4      | Reached skill level 4 in Armour
  5032 | D:4      | Found a runed translucent gate.
  5032 | D:4      | Found a runed translucent gate.
  5032 | D:4      | Found a runed translucent gate.
  5070 | D:4      | Noticed grouchysmurf's ghost (novice MfBe)
  5080 | D:4      | Killed grouchysmurf's ghost
  5805 | D:5      | Entered Level 5 of the Dungeon
  5824 | D:5      | Found Bishana's Antique Armour Shop.
  5933 | D:5      | Noticed Menkaure
  5943 | D:5      | Reached XP level 9. HP: 67/69 MP: 10/18
  5946 | D:5      | Killed Menkaure
  6198 | D:5      | Noticed Pikel
  6209 | D:5      | Killed Pikel
  6209 | D:5      | Reached skill level 5 in Armour
  6240 | D:5      | HP: 5/103 [freed slave[Pikel] (3)]
  6787 | D:5      | Found a staircase to the Ecumenical Temple.
  6798 | Temple   | Entered the Ecumenical Temple
  6886 | Temple   | Became a worshipper of Ashenzari the Shackled
  7383 | D:6      | Found Puejeci's Weapon Emporium.
  7566 | D:6      | HP: 5/106 [orc/+0 flail (2)]
  7926 | D:6      | Reached skill level 5 in Invocations
  8268 | D:6      | Found a shimmering altar of Xom.
  8416 | D:6      | Learned a level 2 spell: Song of Slaying
  8430 | D:6      | Reached XP level 10. HP: 59/77 MP: 10/20
  9411 | D:7      | Reached skill level 5 in Short Blades
  9411 | D:7      | Reached skill level 5 in Long Blades
  9411 | D:7      | Reached skill level 5 in Axes
  9411 | D:7      | Reached skill level 5 in Maces & Flails
  9411 | D:7      | Reached skill level 5 in Staves
  9411 | D:7      | Reached skill level 5 in Slings
  9411 | D:7      | Reached skill level 5 in Bows
  9411 | D:7      | Reached skill level 5 in Crossbows
  9411 | D:7      | Reached skill level 5 in Throwing
  9411 | D:7      | Reached skill level 5 in Stealth
  9411 | D:7      | Reached skill level 5 in Shields
  9411 | D:7      | Reached skill level 5 in Unarmed Combat
  9411 | D:7      | Reached skill level 5 in Evocations
  9562 | D:7      | Found a bloodstained altar of Trog.
  9562 | D:7      | Noticed Mesmaeker13's ghost (novice DrSu)
  9562 | D:7      | Identified the +2 giant club "Vibiet" {flame, Int+2}
  9562 | D:7      | Noticed a two-headed ogre
  9562 | D:7      | Noticed a moth of wrath
  9563 | D:7      | Found a transporter.
  9565 | D:7      | Identified the +6 long sword of the Whale {vamp, Str+3
                  | Int+2 Stlth+}
  9571 | D:7      | Found a transporter.
  9682 | D:7      | Reached * piety under Ashenzari
  9976 | D:7      | Reached skill level 6 in Armour
 10035 | D:7      | Found a runed translucent door.
 10036 | D:7      | Noticed Crazy Yiuf
 10043 | D:7      | Killed Crazy Yiuf
 10173 | D:8      | Noticed a death yak
 10181 | D:8      | Noticed a death yak
 10182 | D:8      | Killed a death yak
 10182 | D:8      | Noticed a death yak
 10610 | D:8      | Reached XP level 11. HP: 84/84 MP: 22/22
 10674 | D:8      | Killed a death yak
 10678 | D:8      | Killed a death yak
 10746 | D:8      | Found a staircase to the Lair.
 10798 | D:8      | Identified Bipruetu's Grimoire of Burning Changing
 10838 | D:8      | Reached skill level 5 in Conjurations
 10838 | D:8      | Reached skill level 5 in Hexes
 10838 | D:8      | Reached skill level 5 in Summonings
 10838 | D:8      | Reached skill level 5 in Necromancy
 10838 | D:8      | Reached skill level 5 in Translocations
 10838 | D:8      | Reached skill level 5 in Transmutations
 10838 | D:8      | Reached skill level 5 in Fire Magic
 10838 | D:8      | Reached skill level 5 in Ice Magic
 10838 | D:8      | Reached skill level 5 in Air Magic
 10838 | D:8      | Reached skill level 5 in Earth Magic
 10838 | D:8      | Reached skill level 5 in Poison Magic
 11063 | D:9      | Found an iron altar of Okawaru.
 11128 | D:9      | Reached ** piety under Ashenzari
 11439 | D:9      | Found Voisuoto's Gadget Boutique.
 11520 | D:10     | Entered Level 10 of the Dungeon
 11529 | D:10     | Found a flagged portal.
 11542 | D:10     | Noticed a cyclops
 11829 | D:10     | Killed a cyclops
 11849 | Bailey   | Entered a bailey
 12931 | Bailey   | Found a roughly hewn altar of Beogh.
 12931 | Bailey   | Noticed an orc knight
 12945 | Bailey   | Killed an orc knight
 12945 | Bailey   | Reached skill level 7 in Armour
 13844 | D:11     | Noticed a cyclops
 13853 | D:11     | Killed a cyclops
 14079 | D:11     | Noticed a red ugly thing
 14089 | D:11     | Killed a red ugly thing
 14188 | D:11     | Reached *** piety under Ashenzari
 14208 | D:11     | Found Cynav's Distillery.
 14216 | D:11     | Bought a potion of curing for 42 gold pieces
 14216 | D:11     | Bought a potion of heal wounds for 70 gold pieces
 14216 | D:11     | Bought a potion of curing for 42 gold pieces
 14241 | D:11     | Noticed a white ugly thing
 14250 | D:11     | Killed a white ugly thing
 14284 | D:11     | Found a staircase to the Orcish Mines.
 14286 | D:11     | Reached XP level 12. HP: 83/93 MP: 20/24
 15076 | Lair:1   | Entered Level 1 of the Lair of Beasts
 15083 | Lair:1   | Reached skill level 8 in Armour
 16165 | Lair:2   | Reached **** piety under Ashenzari
 16176 | Lair:2   | Found a gate leading to a gauntlet.
 16192 | Gauntlet | Entered a Gauntlet
 16192 | Gauntlet | Found a transporter.
 16203 | Gauntlet | Found a transporter.
 16205 | Gauntlet | Found a transporter.
 16211 | Gauntlet | Noticed a death ooze
 16212 | Gauntlet | Found a transporter.
 16227 | Gauntlet | Found a transporter.
 16232 | Gauntlet | Found a transporter.
 16249 | Gauntlet | Found a transporter.
 16249 | Gauntlet | Noticed a cacodemon
 16266 | Gauntlet | Found a transporter.
 16294 | Gauntlet | Found the amulet of the Air {Inacc +Fly rElec EV+5 RMsl}
 16294 | Gauntlet | Found a transporter.
 16299 | Gauntlet | Identified the -3 hat "Deolucul" {Dex+6 Slay+3 Stlth-}
 16306 | Gauntlet | Found a transporter.
 16318 | Gauntlet | Found a transporter.
 16323 | Gauntlet | Identified the +1 cloak of the Leaf {rElec}
 16326 | Gauntlet | Found a large runed translucent door.
 16327 | Gauntlet | Found a large runed translucent door.
 16328 | Gauntlet | Found a large runed translucent door.
 16328 | Gauntlet | Found a large runed translucent door.
 16329 | Gauntlet | Found a runed translucent gate.
 16330 | Gauntlet | Found a transporter.
 16330 | Gauntlet | Found a runed translucent gate.
 16331 | Gauntlet | Found a runed translucent gate.
 16332 | Gauntlet | Found a large runed translucent door.
 16332 | Gauntlet | Found a large runed translucent door.
 16333 | Gauntlet | Found a large runed translucent door.
 16334 | Gauntlet | Found a large runed translucent door.
 16343 | Gauntlet | Found a large runed translucent door.
 16343 | Gauntlet | Found a large runed translucent door.
 16343 | Gauntlet | Found a runed translucent door.
 16343 | Gauntlet | Found a runed translucent door.
 16344 | Gauntlet | Found a large runed translucent door.
 16345 | Gauntlet | Found a large runed translucent door.
 16347 | Gauntlet | Found a transporter.
 16355 | Gauntlet | Found a large runed translucent door.
 16355 | Gauntlet | Found a large runed translucent door.
 16356 | Gauntlet | Found a large runed translucent door.
 16357 | Gauntlet | Found a large runed translucent door.
 16365 | Gauntlet | Found a transporter.
 16367 | Gauntlet | Found a transporter.
 16397 | Gauntlet | Found a transporter.
 16399 | Gauntlet | Found a transporter.
 16472 | Gauntlet | Found a transporter.
 16565 | Gauntlet | Killed a death ooze
 16959 | Gauntlet | Reached skill level 9 in Armour
 17422 | Gauntlet | Identified the +10 whip of the Traitor {slash, rPois rN++
                  | Str-2}
 17422 | Gauntlet | Identified the ring of Omoegip {*Corrode +Fly MR+++ Int+5}
 17422 | Gauntlet | Noticed a minotaur
 17474 | Gauntlet | Killed a minotaur
 17785 | Gauntlet | Learned a level 3 spell: Conjure Flame
 17888 | Gauntlet | Identified the Volume of Displacement and Attacks
 18125 | Lair:2   | Reached XP level 13. HP: 101/101 MP: 26/26
 18306 | Lair:2   | Noticed Sonja
 18344 | Lair:2   | Killed Sonja
 18406 | Lair:2   | Reached ***** piety under Ashenzari
 18601 | Lair:2   | Noticed a dire elephant
 18628 | Lair:2   | Killed a dire elephant
 18628 | Lair:2   | Reached skill level 10 in Armour
 18925 | Lair:3   | Learned a level 5 spell: Fireball
 18932 | Lair:3   | Learned a level 6 spell: Statue Form
 19164 | Lair:3   | Reached skill level 10 in Shields
 19321 | Lair:3   | Found a staircase to the Shoals.
 19618 | Lair:3   | Found a hole to the Spider Nest.
 19946 | Lair:4   | Found a hazy altar of Hepliaklqana.
 19966 | Lair:4   | Reached skill level 10 in Spellcasting
 19994 | Lair:4   | Reached XP level 14. HP: 109/109 MP: 21/28
 20258 | Lair:4   | Learned a level 3 spell: Mephitic Cloud
 20826 | Lair:5   | Reached skill level 10 in Fighting
 20826 | Lair:5   | Reached skill level 10 in Polearms
 20826 | Lair:5   | Reached skill level 10 in Dodging
 21010 | Lair:5   | Reached skill level 11 in Armour
 21219 | Lair:5   | Found a viscous altar of Jiyva.
 21219 | Lair:5   | Found a staircase to the Slime Pits.
 22200 | Lair:6   | Entered Level 6 of the Lair of Beasts
 22213 | Lair:6   | Noticed an entropy weaver
 22225 | Lair:6   | Noticed an entropy weaver
 22247 | Lair:5   | Killed an entropy weaver
 22379 | Lair:6   | Reached skill level 10 in Invocations
 22441 | Lair:6   | Killed an entropy weaver
 23186 | Lair:6   | Reached XP level 15. HP: 109/117 MP: 29/29
 23298 | Lair:6   | Reached skill level 12 in Armour
 23316 | Lair:6   | Identified the Almanac of Hurtful Protection
 23566 | Lair:6   | HP: 4/117 [death yak (16)]
 23568 | Lair:6   | Mangled by a death yak

Levels and vault maps discovered:
D:1:      ebering_trefoil_3fold, layout_basic, grunt_decor_cap,
          minmay_misc_feat_diagonals, roderic_roman_lattice, minmay_tromino_v4_c
D:2:      layout_basic, first_ration
D:3:      layout_basic
D:4:      layout_basic, gammafunk_ghost_icy, nicolae_ossuary_entry_ruins,
          uniq_sigmund, uniq_blork_the_orc, uniq_edmund
D:5:      layout_basic, minmay_temple_entry_stoned_glass, serial_shops,
          kennysheep_mini_moat, kennysheep_small_circle, uniq_menkaure,
          uniq_pikel
D:6:      layout_loops_ring, serial_shops, nicolae_shop_trees, tgw_xom
D:7:      layout_basic, gammafunk_ghost_wrathful_warriors, grunt_livestock,
          uniq_crazy_yiuf_cottage
D:8:      layout_rooms, dpeg_lair_monsters, minmay_unpleasant_kobolds
D:9:      layout_big_octagon, okawaru_metal_pillars_1_2, serial_shops, shop,
          kennysheep_generic_room_5
D:10:     layout_cave_pools, enter_bailey_2
D:11:     layout_stronghold, david_orc_3, serial_shops, nicolae_shop_waterfront,
          minmay_fractal_squares_diagonal_5
Temple:   dpeg_three_leaves_temple
Lair:1:   layout_chaotic_city
Lair:2:   mu_elephants_graveyard, layout_regular_city, gauntlet_entry_generic,
          infiniplex_staircase_pool, uniq_sonja
Lair:3:   layout_loops_ring, elwin_shoals_entry_stream, spider_nest_entry_a
Lair:4:   layout_loops_ring, basic_altar, lemuel_fruit_fields,
          serial_bayou_shore_b, infiniplex_staircase_pool_2
Lair:5:   onia_ninara_swampy_vault, layout_regular_city, slime_altar_1,
          grunt_megastairs_3
Lair:6:   hangedman_lair_caniforms_friends, layout_hall_layers,
          hangedman_lair_in_review, minmay_another_anthill

Skill      XL: |  1  2  3  4  5  6  7  8  9 10 11 12 13 14 15 |
---------------+----------------------------------------------+-----
Spellcasting   | 5 6 7 8 9 10 | 10.9
Invocations    | 1 2 3 4 5 6 7 8 9 10 | 10.6
Short Blades   | 1 2 3 4 5 6 7 8 9 |  9.7
Long Blades    | 1 2 3 4 5 6 7 8 9 |  9.7
Axes           | 1 2 3 4 5 6 7 8 9 |  9.7
Maces & Flails | 1 2 3 4 5 6 7 8 9 |  9.7
Staves         | 1 2 3 4 5 6 7 8 9 |  9.7
Slings         | 1 2 3 4 5 6 7 8 9 |  9.7
Bows           | 1 2 3 4 5 6 7 8 9 |  9.7
Crossbows      | 1 2 3 4 5 6 7 8 9 |  9.7
Throwing       | 1 2 3 4 5 6 7 8 9 |  9.7
Stealth        | 1 2 3 4 5 6 7 8 9 |  9.7
Shields        | 1 2 3 4 5 6 8 10 11 | 11.9
Unarmed Combat | 1 2 3 4 5 6 7 8 9 |  9.7
Evocations     | 1 2 3 4 5 6 7 8 9 |  9.7
Conjurations   | 1 2 3 4 5 6 7 8 |  8.2
Hexes          | 1 2 3 4 5 6 7 8 |  8.2
Summonings     | 1 2 3 4 5 6 7 8 |  8.2
Necromancy     | 1 2 3 4 5 6 7 8 |  8.2
Translocations | 1 2 3 4 5 6 7 8 |  8.2
Transmutations | 1 2 3 4 5 6 7 8 |  8.2
Fire Magic     | 1 2 3 4 5 6 7 8 |  8.2
Ice Magic      | 1 2 3 4 5 6 7 8 |  8.2
Air Magic      | 1 2 3 4 5 6 7 8 |  8.2
Earth Magic    | 1 2 3 4 5 6 7 8 |  8.2
Poison Magic   | 1 2 3 4 5 6 7 8 |  8.2
Armour         | 3 4 5 6 7 9 10 11 12 | 12.2
Fighting       | 5 6 7 8 9 10 | 10.7
Polearms       | 5 6 7 8 9 10 | 10.7
Dodging        | 5 6 7 8 9 10 | 10.7
Charms         | 6 7 8 9 |  9.9

Action                   |  1- 3 |  4- 6 |  7- 9 | 10-12 | 13-15 || total
-------------------------+-------+-------+-------+-------+-------++-------
Melee: Spear             |    45 |   167 |    32 |       |       ||   244
       Bite              |     1 |     7 |    14 |    27 |    78 ||   127
       Punch             |       |     1 |       |       |       ||     1
       Glaive            |       |       |   206 |   409 |   535 ||  1150
Throw: Boomerang         |       |       |       |     8 |       ||     8
 Cast: Infusion          |     8 |    12 |     4 |     1 |       ||    25
       Spectral Weapon   |       |     6 |    29 |    54 |    53 ||   142
       Shroud of Golubri |       |     3 |    12 |    33 |    21 ||    69
       Regeneration      |       |     2 |    11 |    28 |    18 ||    59
       Song of Slaying   |       |       |       |     2 |     1 ||     3
       Fireball          |       |       |       |       |    31 ||    31
       Conjure Flame     |       |       |       |       |     7 ||     7
       Mephitic Cloud    |       |       |       |       |     5 ||     5
Invok: Curse Item        |       |       |     1 |     4 |     2 ||     7
Evoke: Wand              |       |       |       |     7 |     2 ||     9
       Box of beasts     |       |       |       |     1 |       ||     1
  Use: Potion            |       |     5 |     4 |    11 |     3 ||    23
       Scroll            |       |       |     6 |    16 |     7 ||    29
 Stab: Sleeping          |     2 |     2 |     7 |    17 |    12 ||    40
       Distracted        |       |     1 |     1 |     3 |     3 ||     8
       Confused          |       |       |       |       |     4 ||     4
       Petrified         |       |       |       |       |     2 ||     2
  Eat: Chunk             |     1 |     8 |    23 |    31 |    19 ||    82
       Ration            |       |       |     1 |       |       ||     1
Armor: Leather armour    |     5 |    30 |    38 |     6 |       ||    79
       Skin              |       |       |    41 |    65 |       ||   106
       Ring mail         |       |       |       |   143 |       ||   143
       Troll leather arm |       |       |       |     1 |   164 ||   165
Dodge: Dodged            |    17 |    96 |   203 |   403 |   839 ||  1558
